 Dungeon Crawl Stone Soup version 0.25.1-2-g60ff931df9 (webtiles) character file.

Game seed: 65044236609739186

492 corevian the Slasher (level 6, -3/56 HPs)
             Began as a Minotaur Monk on Oct 8, 2020.
             Slain by a gnoll
             ... wielding a +0 spear
              (10 damage)
             ... on level 4 of the Dungeon.
             The game lasted 00:08:52 (4385 turns).

corevian the Slasher (Minotaur Monk)                Turns: 4385, Time: 00:08:52

Health: -3/56      AC:  6    Str: 17    XL:     6   Next: 91%
Magic:  5/5        EV: 13    Int:  7    God:
Gold:   138        SH:  0    Dex: 13    Spells: 5/5 levels left

rFire    . . .     SeeInvis .   a - +0 falchion
rCold    . . .     Gourm    .   (no shield)
rNeg     . . .     Faith    .   k - +0 ring mail
rPois    .         Spirit   .   (helmet restricted)
rElec    .         Reflect  .   (no cloak)
rCorr    .         Harm     .   j - +0 pair of gloves
MR       .....                  (no boots)
Stlth    +.........             (no amulet)
HPRegen  0.18/turn              (no ring)
MPRegen  0.09/turn              (no ring)

@: no status effects
A: retaliatory headbutt, horns 2
a: no special abilities


You were on level 4 of the Dungeon.
You were not hungry.

You visited 1 branch of the dungeon, and saw 4 of its levels.

You collected 138 gold pieces.

Inventory:

Hand Weapons
 a - a +0 falchion (weapon)
Armour
 b - a +0 robe
 j - a +0 pair of gloves (worn)
 k - a +0 ring mail (worn)
 q - a +0 chain mail
Wands
 n - a wand of polymorph (11)
Scrolls
 d - a scroll of magic mapping {unknown}
 g - 2 scrolls of identify {unknown}
 h - 2 scrolls of teleportation {unknown}
 i - a scroll of remove curse {unknown}
 l - 3 scrolls of fear {unknown}
Potions
 e - a potion of brilliance {unknown}
 m - a potion of curing
 o - a potion of cancellation {unknown}
 p - a potion of mutation {unknown}
 r - a potion of lignification {unknown}
Comestibles
 c - 5 rations


   Skills:
 + Level 5.3 Fighting
 * Level 6.7 Long Blades
 + Level 3.4 Armour
 + Level 4.7 Dodging
 - Level 1.5 Stealth


You had 5 spell levels left.
You didn't know any spells.
Your spell library was empty.

Dungeon Overview and Level Annotations

Branches:
Dungeon (4/15)
 Temple: D:4-7

Altars:
Ashenzari
Cheibriados
Xom
Yredelemnul


Innate Abilities, Weirdness & Mutations

You reflexively headbutt those who attack you in melee.
You have a pair of horns on your head.


Message History

* * * LOW HITPOINT WARNING * * *
You closely miss the gnoll.
The gnoll is severely wounded.
The gnoll misses you.
It was a potion of curing.
You feel better. The gnoll misses you. You furiously retaliate!
You headbutt the gnoll!
You kill the gnoll!
The gnoll hits you from afar with a +0 spear.
* * * LOW HITPOINT WARNING * * *
The gnoll hits you with a +0 spear.
* * * LOW HITPOINT WARNING * * *
You hit the gnoll.
The gnoll is lightly wounded.
The gnoll barely misses you.
You riposte.
You hit the gnoll. Your headbutt misses the gnoll.
The gnoll is heavily wounded.
You hit the gnoll.
The gnoll is severely wounded.
The gnoll hits you with a +0 spear!
You die...

..........#.##..
...###.........
.. #.#...#... .
#.###.# . #.# .#
#.# .# ######.#
#....g.#
#.)..@.#
#.<.)..#
#...).## #######


You could see a gnoll.

Vanquished Creatures
  Grinder (D:3)
  A gnoll shaman (D:3)
  Terence (D:2)
  A worker ant (D:3)
  Robin (D:3)
  4 gnolls (D:4)
  4 adders
  An ooze (D:3)
  4 worms (D:2)
  4 dart slugs
  5 leopard geckos
  5 orcs (D:3)
  2 ball pythons
  10 bats
  3 giant cockroaches
  17 goblins
  16 hobgoblins
  A jackal (D:3)
  5 frilled lizards
  2 kobolds
  A quokka zombie (D:2)
  13 rats
102 creatures vanquished.

Vanquished Creatures (others)
  A fungus (D:3)
  2 plants (D:3)
3 creatures vanquished.

Grand Total: 105 creatures vanquished

Notes
Turn   | Place    | Note
-------+----------+-------------------------------------------
     0 | D:1      | corevian the Minotaur Monk began the quest for the Orb.
     0 | D:1      | Reached XP level 1. HP: 19/19 MP: 0/0
    64 | D:1      | Reached skill level 4 in Long Blades
   164 | D:1      | Reached XP level 2. HP: 20/27 MP: 1/1
   765 | D:1      | Reached XP level 3. HP: 33/33 MP: 2/2
   875 | D:1      | Reached skill level 1 in Armour
  1286 | D:2      | Noticed Terence
  1302 | D:2      | Killed Terence
  1473 | D:2      | Reached XP level 4. HP: 40/40 MP: 3/3
  1478 | D:2      | Reached skill level 5 in Long Blades
  2485 | D:2      | Found a shimmering altar of Xom.
  2496 | D:2      | Found a snail-covered altar of Cheibriados.
  2734 | D:3      | Reached XP level 5. HP: 47/47 MP: 4/4
  2748 | D:3      | Noticed Grinder
  2761 | D:3      | Killed Grinder
  2761 | D:3      | Reached skill level 5 in Fighting
  2761 | D:3      | Reached skill level 6 in Long Blades
  2761 | D:3      | Reached XP level 6. HP: 56/56 MP: 5/5
  2850 | D:3      | Found a shattered altar of Ashenzari.
  2854 | D:3      | Saw a vision of the Swamp and the Snake Pit.
  2854 | D:3      | Noticed a naga
  2854 | D:3      | Noticed a shock serpent
  2854 | D:3      | Noticed a naga mage
  2854 | D:3      | Noticed a black mamba
  2854 | D:3      | Noticed a water moccasin
  2854 | D:3      | Noticed a hornet
  2854 | D:3      | Noticed a black mamba
  2854 | D:3      | Noticed an alligator
  2855 | D:3      | Noticed a mana viper
  2856 | D:3      | Noticed a naga
  3217 | D:3      | Found a basalt altar of Yredelemnul.
  3394 | D:3      | Noticed Robin
  3432 | D:3      | Killed Robin
  4385 | D:4      | Slain by a gnoll

Illustrated notes

Levels and vault maps discovered:
D:1:      onia_arrival_mini_maze_b, layout_basic
D:2:      minmay_alternating_diamond, layout_loops_ring,
          amethyst_overflow_temple_binary, uniq_terence
D:3:      wad_crossroads, layout_basic, marbit_many_paths, st_stairs_14,
          minmay_misc_feat_secret_circle, grunt_ashenzari_visionary
          [grunt_ashenzari_visionary_swamp, grunt_ashenzari_visionary_snake],
          uniq_robin, uniq_grinder
D:4:      layout_basic, kennysheep_little_box, minmay_temple_entry_large_hall,
          cheibriados_altar_1

Skill      XL: |  1  2  3  4  5 |
---------------+----------------+-----
Long Blades    | 4 5 6 |  6.7
Fighting       | 4 5 |  5.3
Armour         | 1 2 3 |  3.4
Dodging        | 4 |  4.7
Stealth        | |  1.5

Action                   |  1- 3 |  4- 6 || total
-------------------------+-------+-------++-------
Melee: Falchion          |    71 |   165 ||   236
       Headbutt          |    16 |    33 ||    49
  Use: Potion            |       |     1 ||     1
 Stab: Sleeping          |     4 |       ||     4
  Eat: Chunk             |     2 |     8 ||    10
       Ration            |       |     1 ||     1
Armor: Robe              |    13 |     2 ||    15
       Ring mail         |       |    36 ||    36
       Skin              |       |     3 ||     3
Dodge: Dodged            |    52 |   145 ||   197
       Rpst.: Falchion   |    10 |    34 ||    44
